 Dungeon Crawl Stone Soup version 0.18.1-5-g4a78601 (webtiles) character file.

781 PossumBlood the Protected (level 7, -4/66 HPs)
             Began as a Minotaur Fighter on May 12, 2016.
             Was a Follower of Okawaru.
             Slain by an unseen horror (9 damage)
             ... on level 5 of the Dungeon.
             The game lasted 00:09:27 (4431 turns).

PossumBlood the Protected (Minotaur Fighter)        Turns: 4431, Time: 00:09:27

Health: -4/66      AC: 13    Str: 23    XL:     7   Next: 55%
Magic:  6/6        EV:  8    Int:  5    God:    Okawaru [*.....]
Gold:   231        SH:  9    Dex:  9    Spells: 0 memorised, 6 levels left

rFire  . . .     SeeInvis .     a - +1 long sword
rCold  . . .     Gourm    .     j - +3 ring mail
rNeg   . . .     Faith    .     c - +0 shield
rPois  .         Spirit   .     (helmet restricted)
rElec  .         Dismiss  .     f - +1 cloak
rCorr  .         Reflect  .     o - +0 pair of gloves
SustAt .         Harm     .     (no boots)
MR     .....                    (no amulet)
Stlth  ..........               (no ring)
                                (no ring)

@: not resistant to hostile enchantments, extremely unstealthy
A: retaliatory headbutt, horns 2
a: Heroism, Renounce Religion


You were on level 5 of the Dungeon.
You worshipped Okawaru.
Okawaru was aware of your devotion.
You were not hungry.

You visited 1 branch of the dungeon, and saw 5 of its levels.

You collected 231 gold pieces.

Inventory:

Hand Weapons
 a - a +1 long sword (weapon)
 b - a cursed -1 rapier
Missiles
 p - 2 tomahawks (quivered)
Armour
 c - a +0 shield (worn)
 f - a +1 cloak (worn)
 j - a +3 ring mail (worn)
 o - a +0 pair of gloves (worn)
Scrolls
 h - 4 scrolls of identify
 i - 2 scrolls of remove curse
Potions
 d - 2 potions of might
 e - a potion of haste
 m - a potion of lignification
 n - a potion of resistance
Comestibles
 g - a bread ration
 l - a meat ration


   Skills:
 - Level 7.0 Fighting
 * Level 4.6 Long Blades
 - Level 8.0 Armour
 - Level 3.6 Shields


You had 6 spell levels left.
You didn't know any spells.

Dungeon Overview and Level Annotations

Branches:
Dungeon (5/15)             Temple (0/1) D:4

Altars:
Ashenzari
Gozag
Okawaru
The Shining One

Shops:
D:4 [


Innate Abilities, Weirdness & Mutations

You reflexively headbutt those who attack you in melee.
You have a pair of horns on your head.


Message History

You slash something!
Something hits you but does no damage. x2
You closely miss something. Your headbutt misses something. Something hits you.
* * * LOW HITPOINT WARNING * * *
Something hits you but does no damage. Something hits you!
* * * LOW HITPOINT WARNING * * *
Something hits you.
* * * LOW HITPOINT WARNING * * *
Something hits you but does no damage. Something hits you.
* * * LOW HITPOINT WARNING * * *
Something hits you but does no damage.
You hit something. Your headbutt misses something.
You block something's attack. Something hits you but does no damage.
You block something's attack. Something hits you but does no damage.
You block something's attack.
There is an open door here.
Something is blocking the doorway!
Something hits you!
You die...

########
#..[...#
#.####.#
#.# #.#
######.##
#.#
#.......#
#.#
#.......#
#.#
#.....@.#
#.#
######'##
#.#
#......#
#.#
#......#
#.#
#......#
#.#
#......#
#.#
#####.##
#.# #.#
#.# #.#
#.#


There were no monsters in sight!

Vanquished Creatures
  The ghost of gitgud34 the Cleaver, an amateur MiBe of Trog (D:5)
  A centaur (D:5)
  A vampire bat (D:4)
  A crimson imp (D:5)
  A howler monkey (D:4)
  2 orc wizards (D:5)
  3 orc priests (D:4)
  7 gnolls (D:2)
  4 adders
  An ooze (D:3)
  An adder zombie (D:5)
  An adder skeleton (D:4)
  A worm (D:2)
  5 dart slugs
  2 giant geckos
  13 orcs
  24 bats
  7 giant cockroaches
  9 goblins
  9 hobgoblins
  2 quokkas
  2 ball pythons (D:2)
  9 giant newts
  8 kobolds
  4 rats
119 creatures vanquished.

Notes
Turn   | Place    | Note
--------------------------------------------------------------
     0 | D:1      | PossumBlood the Minotaur Fighter began the quest for the Orb.
     0 | D:1      | Reached XP level 1. HP: 19/19 MP: 0/0
   114 | D:1      | Reached XP level 2. HP: 28/28 MP: 1/1
   525 | D:2      | Reached skill level 5 in Fighting
   808 | D:2      | Reached XP level 3. HP: 29/36 MP: 2/2
   901 | D:2      | Found a shattered altar of Ashenzari.
  1017 | D:2      | Found an opulent altar of Gozag.
  1130 | D:2      | Reached XP level 4. HP: 39/44 MP: 3/3
  1383 | D:2      | Found a glowing golden altar of the Shining One.
  2001 | D:3      | Reached XP level 5. HP: 49/51 MP: 4/4
  2012 | D:3      | Found an iron altar of Okawaru.
  2020 | D:3      | Became a worshipper of Warmaster Okawaru
  2155 | D:3      | Reached skill level 4 in Armour
  2966 | D:4      | Reached skill level 5 in Armour
  3000 | D:4      | Found a staircase to the Ecumenical Temple.
  3023 | D:4      | Reached XP level 6. HP: 60/60 MP: 5/5
  3067 | D:4      | Reached * piety under Okawaru
  3130 | D:4      | Reached skill level 6 in Armour
  3278 | D:4      | Found Fangik's Antique Armour Emporium.
  3663 | D:5      | Entered Level 5 of the Dungeon
  3735 | D:5      | Noticed gitgud34's ghost (amateur MiBe)
  3749 | D:5      | Killed gitgud34's ghost
  3749 | D:5      | Reached skill level 8 in Armour
  3749 | D:5      | Reached XP level 7. HP: 9/66 MP: 6/6
  4431 | D:5      | Slain by an unseen horror

Skill      XL: |  1  2  3  4  5  6  7 |
---------------+----------------------+-----
Fighting       | 4 5 6 7 |  7.0
Armour         | 5 8 |  8.0
Long Blades    | 4 |  4.6
Shields        | |  3.6

Action                   |  1- 3 |  4- 6 |  7- 9 || total
-------------------------+-------+-------+-------++-------
Melee: Long sword        |   109 |   204 |    27 ||   340
       Headbutt          |    14 |    26 |     6 ||    46
  Use: Scroll            |       |    12 |     1 ||    13
       Potion            |       |     1 |     1 ||     2
  Eat: Bread ration      |     1 |     2 |       ||     3
Armor: Scale mail        |    80 |    98 |       ||   178
       Ring mail         |       |     9 |    33 ||    42
Dodge: Dodged            |    37 |    83 |     7 ||   127
Block: Shield            |    79 |   145 |    18 ||   242
